AoeStats
← 海霸天

Black Forest

510097691Analyzed
4v4 RM · 4d ago on Sep 29, 2026· 27m 35s· 8 players
Game mode
Random Map
Map size
Large (8 player)
Population
200
Speed
Normal
Resources
Standard
Victory
Conquest
Starting age
Dark Age
Ending age
Imperial Age
RankedLock teamsTeams togetherTeam positionsShared explorationLock speedFull tech treeHidden civsTurbo modeCheats
Victory
Defeat
🇲🇽 Maya · Mexico
818
+13
🇨🇳 Mongols · China
806
+13
🇺🇸 Persians · United States
794
+14
🇨🇳 Franks · China
704
+18
🇮🇳 Armenians · India
908
-21
🇹🇷 Turks · Türkiye
704
-13
🇹🇼 Persians · Taiwan
696
-12
🇩🇪 Romans · Germany
687
-12
Travis Ro
0:40 Loom
13:15 Feudal Age
17:41 Castle Age
15:47 Double-Bit Axe
15:46 Horse Collar
16:44 Gold Mining
23:02 Wheelbarrow
24:39 Hand Cart
D4RKK
0:40 Loom
11:21 Feudal Age
11:41 Double-Bit Axe
12:37 Horse Collar
13:28 Fishing Lines
14:13 Stone Mining
17:58 Gold Mining
21:00 Castle Age
25:46 Wheelbarrow
27:20 Bow Saw
28:17 Gold Shaft Mining
27:39 Gillnets
Makima
11:29 Feudal Age
12:07 Double-Bit Axe
12:04 Horse Collar
21:28 Castle Age
19:37 Stone Mining
21:06 Padded Archer Armor
21:11 Scale Mail Armor
21:21 Forging
22:34 Bow Saw
23:22 Husbandry
23:32 Bloodlines
23:41 Town Watch
24:00 Loom
25:25 Wheelbarrow
25:27 Heavy Plow
26:35 Town Patrol
27:56 Hand Cart
27:52 Gold Mining
noob
1:25 Loom
11:34 Feudal Age
12:22 Double-Bit Axe
15:24 Gold Mining
19:10 Castle Age
17:24 Fishing Lines
20:17 Bow Saw
28:43 Wheelbarrow
bigame
14:00 Feudal Age
12:16 Loom
18:56 Castle Age
17:47 Horse Collar
18:07 Double-Bit Axe
EK-RockyHunter12
0:40 Loom
12:38 Feudal Age
13:07 Town Watch
13:59 Wheelbarrow
13:07 Horse Collar
13:18 Double-Bit Axe
20:47 Scale Mail Armor
22:16 Stone Mining
22:20 Gold Mining
25:14 Castle Age
25:06 Scale Barding Armor
25:12 Forging
24:52 Fletching
25:03 Padded Archer Armor
25:01 Man-at-Arms
26:43 Caravan
27:03 Chain Barding Armor
26:58 Chain Mail Armor
kwik
0:36 Loom
16:31 Feudal Age
16:39 Man-at-Arms
17:41 Long Swordsman
18:08 Arson
19:15 Scale Mail Armor
21:10 Forging
海霸天
1:09 Loom
14:49 Feudal Age
15:20 Horse Collar
15:31 Double-Bit Axe
21:01 Castle Age
19:38 Wheelbarrow
18:50 Town Watch
19:08 Gold Mining
Connection lost

Rejoining the realm…

Still unreachable

The connection could not be restored.

Session expired

The server has moved on; the page needs a fresh start.